 Dungeon Crawl Stone Soup version 0.30-a0-339-g89bb51ec76 (console) character file.

Game seed: 4207574135666234196

53138 petzl the Thaumaturge (level 15, -7/117 HPs)
             Began as a Formicid Delver on Oct 28, 2022.
             Was a High Priest of Vehumet.
             Mangled by a death yak (15 damage)
             ... on level 9 of the Dungeon on Nov 1, 2022.
             The game lasted 03:11:12 (27343 turns).

petzl the Thaumaturge (Formicid Delver)            Turns: 27343, Time: 03:11:13

Health: -7/117     AC:  8    Str: 18    XL:     15   Next: 8%
Magic:  38/38      EV: 14    Int: 16    God:    Vehumet [*****.]
Gold:   229        SH:  6    Dex: 15    Spells: 13/35 levels left

rFire   + . .      SeeInvis +    d - +2 flail (protect)
rCold   . . .      Faith    .    h - +0 buckler
rNeg    . . .      Spirit   .    p - +3 leather armour {Will+}
rPois   .          Reflect  .    (helmet unavailable)
rElec   .          Harm     .    H - +0 cloak
rCorr   .          Rampage  .    k - +0 pair of gloves
Will    ++...                    (no boots)
Stlth   ++++......               (no amulet)
HPRegen 0.39/turn                v - ring of protection from fire
MPRegen 0.26/turn                e - ring of magical power

@: no status effects
A: permanent stasis, dig shafts and tunnels, antennae 3, four strong arms
a: Dig, Shaft Self, Renounce Religion


You were on level 9 of the Dungeon.
You worshipped Vehumet.
Vehumet was extremely pleased with you.
You visited 5 branches of the dungeon, and saw 20 of its levels.

You collected 1859 gold pieces.
You spent 1630 gold pieces at shops.

Inventory:

Hand Weapons
 a - a +3 shortbow of electrocution
 b - a +1 dagger of venom {!f =f}
 c - a +3 quarterstaff of chaos
 d - a +2 flail of protection (weapon)
 s - a +4 flail of freezing
 B - a +3 scimitar of flaming
 I - a +2 whip of holy wrath
 L - a +2 shortbow of flaming
 M - a +0 spectral rapier
 W - the +7 spear of Chaos {freeze, rElec Int+3, !f =f}
   (You took it off a spriggan rider on level 12 of the Dungeon)

   It freezes those it strikes, dealing additional cold damage.
   It can also slow down cold-blooded creatures.
   Int:       It affects your intelligence (+3).
   rElec:     It insulates you from electricity.
Missiles
 y - 6 silver javelins
 K - 14 poisoned darts
 O - 6 curare-tipped darts (quivered)
Armour
 h - a +0 buckler (worn)
 k - a +0 pair of gloves (worn)
 p - a +3 leather armour of willpower (worn)
 H - a +0 cloak (worn)
 N - a +0 troll leather armour
Magical Staves
 R - a staff of poison
Jewellery
 e - a ring of magical power (right hand)
 g - the amulet of Wycam {Spirit Rampage Drain rPois rCorr}
   (You found it on level 6 of the Dungeon)

   [amulet of guardian spirit]

   It causes incoming damage to be divided between your reserves of health and
   magic.
   rPois:     It protects you from poison.
   rCorr:     It protects you from acid and corrosion.
   Drain:     It drains your maximum health when unequipped.
   Rampage:   It bestows one free step when moving towards enemies.
 v - a ring of protection from fire (left hand)
 F - a ring of positive energy
 Q - a ring of ice
Wands
 f - a wand of digging (6)
 l - a wand of quicksilver (19)
 m - a wand of charming (19)
 u - a wand of polymorph (7)
 S - a wand of iceblast (3)
Scrolls
 n - 3 scrolls of poison
 t - 3 scrolls of amnesia
 x - 3 scrolls of immolation
 E - 4 scrolls of enchant armour
 G - 7 scrolls of fog
 J - 2 scrolls of magic mapping
 U - 2 scrolls of identify
 V - a scroll of fear
Potions
 i - 6 potions of brilliance
 j - 2 potions of invisibility
 o - 2 potions of resistance
 q - 3 potions of magic
 r - a potion of ambrosia
 w - 9 potions of curing
 z - 3 potions of heal wounds
 A - 4 potions of cancellation
 C - 3 potions of mutation
 D - 5 potions of might
 P - a potion of flight
 X - a potion of lignification
Miscellaneous
 T - a tin of tremorstones (inert)


   Skills:
 + Level 10.4 Fighting
 - Level 2.7 Long Blades
 - Level 3.0 Ranged Weapons
 - Level 4.0 Armour
 - Level 5.9 Dodging
 - Level 10.3 Stealth
 - Level 7.7 Shields
 + Level 10.7 Spellcasting
 * Level 8.9 Conjurations
 - Level 8.0 Translocations
 - Level 3.0 Transmutations
 * Level 5.2 Fire Magic
 - Level 7.0 Ice Magic
 - Level 6.0 Air Magic
 - Level 3.0 Poison Magic
 - Level 3.0 Evocations


You had 13 spell levels left.
You knew the following spells:

 Your Spells              Type           Power      Damage    Failure   Level
a - Foxfire               Conj/Fire      100%       2x1d9     1%          1
b - Static Discharge      Conj/Air       64%        2-5/arc   1%          2
c - Kindle Blastsparks    Fire/Tloc/Air  58%        2d14      1%          3
l - Freezing Cloud        Conj/Ice/Air   15%        6-21      4%          5
p - Passage of Golubria   Tloc           34%        N/A       4%          4
s - Sticky Flame          Conj/Fire      31%        2d5       1%          4
I - Ignite Poison         Fire/Tmut/Pois 20%        N/A       2%          3

Your spell library contained the following spells:

 Spells                   Type           Power      Damage    Failure   Level
 Arcjolt                  Conj/Air       16%        1d26      4%          5
 Freeze                   Ice            100%       1d10      1%          1
 Flame Wave               Conj/Fire      31%        2d9       1%          4
 Inner Flame              Hex/Fire       16%        N/A       3%          3
 Summon Forest            Summ/Tloc      10%        N/A       54%         5
 Summon Mana Viper        Hex/Summ       8%         N/A       97%         5
 Simulacrum               Ice/Necr       9%         N/A       99%         6
 Summon Cactus Giant      Summ           4%         N/A       100%        6
 Malign Gateway           Summ/Tloc      10%        N/A       100%        7


Dungeon Overview and Level Annotations

Branches:
Dungeon (15/15)            Temple (1/1) D:6            Lair (1/5) D:9
    Orc (2/2) D:11            Elf (0/3) Orc:2        Depths (1/4) D:15
 Vaults: D:13-14

Altars:
Ashenzari
Cheibriados
Dithmenos
Elyvilon
Fedhas
Gozag
Hepliaklqana
Kikubaaqudgha
Makhleb
Nemelex Xobeh
Okawaru
Qazlal
Ru
Sif Muna
Trog
Uskayaw
Vehumet
Wu Jian
Xom
Yredelemnul
Zin
The Shining One

Shops:
D:7 :   D:9 [[   Orc:2 *?[!*

Annotations:
D:12 Zocoaz's ghost, journeyman MiHu
D:14 exclusion: downstairs
D:15 exclusion: downstairs


Innate Abilities, Weirdness & Mutations

You cannot be hasted, slowed, berserked, paralysed or teleported.
You can dig through walls and to a lower floor.
You have a pair of large antennae on your head. (SInv)
Your four strong arms can wield two-handed weapons with a shield.


Message History

The death yak closely misses you.
You hit the death yak.
The death yak is almost dead.
The plant is engulfed in freezing vapours.
A nearby plant withers and dies.
The plant is engulfed in freezing vapours.
A nearby plant withers and dies.
The plant is engulfed in freezing vapours.
A nearby plant withers and dies.
The death yak is engulfed in freezing vapours.
You block the death yak's attack.
You barely miss the death yak.
The death yak is almost dead.
The death yak is engulfed in freezing vapours.
You kill the death yak!
Vehumet accepts your kill.
You feel your power returning.
You start resting.
Magic restored.
You start resting.
HP restored.
You climb downwards.
Welcome back to the Lair of Beasts!
The death yak gores you. You block the death yak's attack.
The death yak barely misses you. The death yak gores you!
You block the death yak's attack. The death yak gores you.
There is a staircase back to the Dungeon, spattered with blood here.
You block the death yak's attack. x2; The death yak gores you!!
You climb upwards.
Welcome back to the Dungeon!
There is a staircase to the Lair here.
Unknown command.
The death yak attacks as you move away!
The death yak gores you but does no damage.
The death yak gores you!
Okay, then.
Are you sure you want to shaft yourself?
The death yak gores you! The death yak gores you. The death yak gores you!!
* * * LOW HITPOINT WARNING * * *
You begin to dig a shaft.
You continue digging a shaft.
The death yak gores you!!
* * * LOW HITPOINT WARNING * * *
The death yak gores you!
You die...

.....################ #.......#
....................# #.......#
.......##...........#######...###.#
.......##...........#.....[...# #.#
..##...##...........#.....#...# #.#
..##...##..###......#.....#...###.#
....................#.....#.).....#
##.....#####'#.....##.....##..>...#
.#.#...#.....#.....#.......#..###.#
.#.#...#.....'.....#.......[..# #.#
##################.#.......#..# #.#
~~~~~~~~~~~~~~~###.#..###...### #.#
..............~#...#..##.....## #.#
.8♣♣8....8♣♣8.~#...#..#.......# #.#
.♣ ♣♣....♣♣♣♣.~#...#..#P......###.#
.♣♣♣♣....♣♣♣♣.~#...#..#P...P......#
.8♣♣8....8♣♣8.~###'#..#P..........#
..............~#......#P..........#
...............'......#P@Y.P...#..#
.......).......'......#PYY.....#..#
..............~#......#....P..##..#
.8♣♣8....8♣♣8.~#......#P.P.P..##[.#
.♣♣♣♣....♣♣♣♣.~#......##.....###..#
.♣♣♣♣....♣♣ ♣.~#......#########...#
.8♣♣8....8♣♣8.~###....# #..#......#
..............~#.#....###..##.....#
~~~~~~~~~~~~~~~#.#..........#..##.#
################.#.....>....#..##.#
...........#.....#..........#.....#
####'#.....+.....#..........#.....#
.....#######.....############.....#
.##.................<.............#
.##....####.......#...###.........#
.##....# #.......#...###....###..#
.##)...####..................###..#
..))..............................#
###################################


You could see 3 death yaks.

Vanquished Creatures
  An orc warlord (Orc:2)
  Azrael (Orc:2)
  3 hydras
  An ogre mage (D:15)
  A rakshasa (D:13)
  3 boulder beetles
  7 two-headed ogres
  A death yak (D:9)
  2 orc high priests (Orc:2)
  5 large abominations (D:10)
  Urug (D:12)
  A sun demon (D:15)
  Sonja (D:10)
  5 wizards
  Pikel (D:8)
  An orc knight (D:15)
  12 ugly things
  A necromancer (D:15)
  4 deep elf pyromancers
  8 orc sorcerers
  3 cyclopes
  2 manticores
  A gargoyle (D:10)
  2 centaur skeletons (D:15)
  A kobold demonologist (D:13)
  A komodo dragon (D:9)
  A yaktaur (D:15)
  An efreet (D:14)
  8 trolls
  A troll (shapeshifter) (D:13)
  2 hornets
  15 slime creatures
  A meliai zombie (D:15)
  2 centaur simulacra
  Sigmund (D:3)
  2 spriggans (D:12)
  A shadow (D:13)
  4 wraiths
  A water elemental (D:14)
  2 wyverns (D:9)
  2 steam dragons
  4 fire elementals (Orc:2)
  Eustachio (D:4)
  4 yaks (D:11)
  A basilisk (D:14)
  12 vampire mosquitoes
  2 acid dragons
  3 wargs (Orc:2)
  2 hell hounds (Orc:2)
  3 water moccasins
  A sky beast (D:8)
  An ice beast (D:6)
  31 orc warriors
  4 black bears
  8 ogres
  2 wolves (Lair:1)
  5 centaurs
  3 lemures (D:8)
  A kobold brigand (D:8)
  5 bullfrogs
  A wyvern zombie (D:8)
  A scorpion (D:5)
  A gnoll sergeant (D:9)
  6 wights
  7 small abominations (D:10)
  15 killer bees (D:11)
  5 howler monkeys
  An electric eel (D:14)
  4 centaur zombies
  2 jellies
  A gnoll bouda (D:5)
  2 hounds
  22 orc priests
  Crazy Yiuf (D:2)
  3 iguanas
  Jessica (D:2)
  41 orc wizards
  Natasha (thrice) (D:2)
  Robin (D:3)
  2 howler monkey zombies (D:8)
  11 gnolls
  6 adders
  A shadow imp (D:5)
  A white imp (D:7)
  4 worms
  2 dart slugs
  76 orcs
  5 ball pythons
  10 endoplasms
  2 giant cockroaches
  12 goblins
  10 hobgoblins
  14 jackals
  2 quokkas
  10 bats
  4 frilled lizards
  13 kobolds
  4 rats
514 creatures vanquished.

Vanquished Creatures (collateral kills)
  2 gnolls (D:4)
  An orc (D:7)
3 creatures vanquished.

Vanquished Creatures (others)
  A scorpion (Temple)
  17 foxfires
  3 fungi
  38 plants
  2 withered plants (D:8)
61 creatures vanquished.

Grand Total: 578 creatures vanquished

Notes
Turn   | Place    | Note
-------+----------+-------------------------------------------
     0 | D:5      | petzl the Formicid Delver began the quest for the Orb.
     0 | D:5      | Reached XP level 1. HP: 18/18 MP: 1/1
    14 | D:6      | Noticed a scorpion
    14 | D:6      | Noticed a centaur
    16 | D:6      | Noticed a steam dragon
    36 | D:4      | Noticed a bullfrog
    76 | D:5      | Noticed a scorpion
   254 | D:3      | Noticed a water moccasin
   262 | D:3      | You fall into a shaft and drop 3 floors!
   283 | D:6      | Found a staircase to the Ecumenical Temple.
   292 | D:6      | Noticed an iguana
   294 | Temple   | Entered the Ecumenical Temple
   379 | Temple   | Became a worshipper of Vehumet
   515 | D:7      | Noticed a bullfrog
   526 | D:7      | Killed a bullfrog
   527 | D:7      | Reached XP level 2. HP: 18/25 MP: 2/2
   527 | D:7      | Reached XP level 3. HP: 22/30 MP: 3/3
   527 | D:7      | Reached XP level 4. HP: 27/37 MP: 4/4
   568 | D:7      | Noticed a bullfrog
   588 | D:7      | Killed a bullfrog
   589 | D:7      | Reached skill level 1 in Spellcasting
   589 | D:7      | Reached XP level 5. HP: 19/42 MP: 4/7
  1131 | D:7      | Noticed a two-headed ogre
  1173 | D:7      | Found Roufay's Book Shoppe.
  1245 | D:6      | Noticed a water moccasin
  1483 | D:4      | Reached XP level 6. HP: 12/49 MP: 9/9
  1639 | D:3      | Noticed Sigmund
  1870 | D:3      | Noticed Robin
  1890 | D:3      | Killed Robin
  2057 | D:2      | Noticed Jessica
  2078 | D:2      | Killed Jessica
  2200 | D:2      | You fall into a shaft and drop 2 floors!
  2403 | D:3      | Noticed a black bear
  2662 | D:3      | Reached * piety under Vehumet
  2662 | D:3      | Offered knowledge of Foxfire by Vehumet.
  2665 | D:3      | Learned a level 1 spell: Foxfire
  3062 | D:2      | Noticed Natasha
  3071 | D:2      | Killed Natasha
  3267 | D:1      | Reached XP level 7. HP: 55/55 MP: 12/12
  3323 | D:1      | Reached skill level 1 in Ranged Weapons
  3336 | D:2      | Noticed Natasha
  3434 | D:1      | Reached ** piety under Vehumet
  3434 | D:1      | Offered knowledge of Searing Ray by Vehumet.
  3896 | D:2      | Killed Natasha
  4110 | D:2      | Noticed Natasha
  4121 | D:2      | Killed Natasha
  4122 | D:2      | Reached skill level 1 in Fire Magic
  4336 | D:2      | Found a runed translucent door.
  4337 | D:2      | Noticed Crazy Yiuf
  4350 | D:2      | Killed Crazy Yiuf
  4574 | D:3      | Killed a water moccasin
  4575 | D:3      | Reached skill level 5 in Fighting
  4575 | D:3      | Reached skill level 1 in Conjurations
  5156 | D:4      | Noticed Eustachio
  5161 | D:4      | Upgraded the game from 0.30-a0-322-g102857c98e to
                  | 0.30-a0-339-g89bb51ec76
  5204 | D:4      | Killed Eustachio
  5205 | D:4      | Reached XP level 8. HP: 45/62 MP: 13/15
  5338 | D:4      | You fall into a shaft and drop 3 floors!
  5688 | D:5      | You fall into a shaft and drop 1 floor!
  5850 | D:6      | Identified the amulet of Wycam {Spirit Rampage Drain rPois
                  | rCorr}
  6056 | D:6      | Reached skill level 5 in Spellcasting
  7000 | D:8      | Reached skill level 1 in Armour
  7114 | D:8      | Reached XP level 9. HP: 66/69 MP: 17/17
  7136 | D:8      | Offered knowledge of Static Discharge by Vehumet.
  7375 | D:8      | Noticed Pikel
  7746 | D:8      | Found a hide-covered altar of Uskayaw.
  7746 | D:8      | Found a sparkling altar of Nemelex Xobeh.
  8308 | D:8      | Killed Pikel
  8309 | D:8      | Reached skill level 1 in Shields
  8922 | D:9      | Found Megeanga's Antique Armour Boutique.
  8958 | D:9      | Found Ziesis's Armour Emporium.
  9203 | D:9      | Reached XP level 10. HP: 69/77 MP: 20/20
  9449 | D:9      | You fall into a shaft and drop 2 floors!
  9597 | D:11     | Noticed a two-headed ogre
  9629 | D:11     | Learned a level 2 spell: Static Discharge
  9635 | D:10     | Entered Level 10 of the Dungeon
  9734 | D:10     | Noticed a two-headed ogre
  9776 | D:9      | Bought a pair of gloves for 153 gold pieces
  9776 | D:9      | Bought a dyed leather armour for 170 gold pieces
  9924 | D:10     | Noticed a gargoyle
  9962 | D:9      | HP: 3/75 [troll (10)]
 10524 | D:6      | Reached skill level 1 in Air Magic
 10914 | D:5      | You fall into a shaft and drop 3 floors!
 11598 | D:4      | Reached *** piety under Vehumet
 11757 | D:3      | Killed Sigmund
 11811 | D:3      | Reached skill level 5 in Conjurations
 12117 | D:9      | Offered knowledge of Kindle Blastsparks by Vehumet.
 12125 | D:9      | Learned a level 3 spell: Kindle Blastsparks
 12254 | D:9      | Identified a scroll of acquirement
 12255 | D:9      | Acquired a Trismegistus Codex
 12263 | D:9      | Learned a level 5 spell: Freezing Cloud
 12267 | D:9      | Learned a level 3 spell: Ignite Poison
 12309 | D:9      | Noticed a komodo dragon
 12315 | D:9      | You fall into a shaft and drop 1 floor!
 12320 | D:10     | Noticed a wizard
 12336 | D:10     | Killed a wizard
 12337 | D:10     | Reached skill level 1 in Ice Magic
 12512 | D:10     | Found an iron altar of Okawaru.
 12745 | D:9      | Killed a komodo dragon
 12833 | D:9      | Found a staircase to the Lair.
 12847 | Lair:1   | Entered Level 1 of the Lair of Beasts
 12847 | Lair:1   | Noticed a boulder beetle
 12874 | D:9      | Reached XP level 11. HP: 57/85 MP: 10/23
 13239 | D:10     | Noticed Sonja
 13253 | D:10     | Killed Sonja
 14006 | D:10     | Killed a two-headed ogre
 14136 | D:11     | You fall into a shaft and drop 2 floors!
 14194 | D:13     | Noticed a cyan ugly thing
 14345 | D:12     | Found a runed translucent door.
 14365 | D:12     | Noticed Zocoaz's ghost (journeyman MiHu)
 14384 | D:13     | Noticed a seven-headed hydra
 14392 | D:13     | Killed a seven-headed hydra
 14393 | D:13     | Reached skill level 1 in Evocations
 14406 | D:13     | Noticed a cyclops
 14414 | D:13     | Killed a cyclops
 14415 | D:13     | Reached skill level 5 in Ice Magic
 14510 | D:13     | Noticed a green ugly thing
 14599 | D:12     | Reached **** piety under Vehumet
 14721 | D:12     | Noticed a boulder beetle
 14844 | D:11     | Offered knowledge of Iskenderun's Battlesphere by Vehumet.
 14889 | D:11     | You fall into a shaft and drop 3 floors!
 15159 | D:13     | Noticed a manticore
 15163 | D:13     | Killed a manticore
 15164 | D:13     | Reached XP level 12. HP: 94/94 MP: 25/25
 15587 | D:11     | Noticed a boulder beetle
 15593 | D:11     | Killed a boulder beetle
 15857 | D:12     | Noticed Urug
 15966 | D:11     | Killed a two-headed ogre
 15967 | D:11     | Reached skill level 1 in Transmutations
 16157 | D:11     | Found a staircase to the Orcish Mines.
 16745 | D:12     | Identified the +7 spear of Chaos {freeze, rElec Int+3}
 16745 | D:12     | Noticed a spriggan rider
 17133 | Orc:1    | Entered Level 1 of the Orcish Mines
 17184 | Orc:1    | Noticed a two-headed ogre
 17190 | Orc:1    | Killed a two-headed ogre
 17289 | Orc:1    | Reached ***** piety under Vehumet
 17290 | Orc:1    | Reached skill level 5 in Air Magic
 17427 | Orc:1    | Reached skill level 5 in Shields
 17760 | D:7      | Bought Siag's Tome of the Glacier and Dislocation for 616
                  | gold pieces
 17765 | D:7      | Learned a level 4 spell: Passage of Golubria
 17904 | D:10     | Noticed a large abomination
 17905 | D:10     | Offered knowledge of Eringya's Noxious Bog by Vehumet.
 17906 | D:10     | Reached skill level 1 in Translocations
 17913 | D:10     | Killed a large abomination
 17921 | D:10     | You fall into a shaft and drop 1 floor!
 18282 | D:10     | Reached XP level 13. HP: 101/101 MP: 26/26
 18313 | D:10     | Identified the +6 spear of Darkness {vamp, Fragile rPois
                  | Str+4}
 18487 | Orc:2    | Entered Level 2 of the Orcish Mines
 18521 | Orc:2    | Found Tonus's General Store.
 18759 | Orc:2    | Bought 6 curare-tipped darts for 46 gold pieces
 18759 | Orc:2    | Bought a scroll of identify for 26 gold pieces
 18759 | Orc:2    | Bought a potion of curing for 39 gold pieces
 18937 | Orc:2    | Noticed an orc warlord
 19006 | Orc:2    | Killed an orc warlord
 19007 | Orc:2    | Reached skill level 5 in Translocations
 19221 | Orc:2    | Found a staircase to the Elven Halls.
 19692 | Orc:2    | Noticed Azrael
 20523 | Orc:2    | Killed Azrael
 20524 | Orc:2    | Reached skill level 1 in Poison Magic
 20818 | Orc:2    | Offered knowledge of Irradiate by Vehumet.
 21027 | Orc:2    | Found Piezaq's General Store.
 21027 | Orc:2    | Found Xixic's Distillery.
 21028 | Orc:2    | Found Vyuzainir's Magic Scroll Emporium.
 21032 | Orc:2    | Found Bil Babb's Antique Armour Emporium.
 21038 | Orc:2    | Bought a potion of heal wounds for 70 gold pieces
 21038 | Orc:2    | Bought a potion of heal wounds for 70 gold pieces
 21043 | Orc:2    | Bought a scroll of identify for 24 gold pieces
 21043 | Orc:2    | Bought a scroll of identify for 24 gold pieces
 21944 | D:12     | Killed Urug
 22238 | D:13     | Reached XP level 14. HP: 101/108 MP: 27/27
 22520 | D:13     | You fall into a shaft and drop 2 floors!
 22520 | D:15     | Entered Level 15 of the Dungeon
 22877 | D:13     | Reached skill level 10 in Spellcasting
 23196 | D:13     | Reached skill level 5 in Fire Magic
 23522 | D:14     | You fall into a shaft and drop 1 floor!
 23734 | D:14     | Reached skill level 5 in Dodging
 23862 | D:14     | You fall into a shaft and drop 1 floor!
 24644 | D:15     | Found a bloodstained altar of Trog.
 24998 | D:15     | Reached skill level 10 in Fighting
 25283 | D:15     | Reached skill level 10 in Stealth
 25777 | D:15     | Found a staircase to the Depths.
 25782 | Depths:1 | Entered Level 1 of the Depths
 25797 | Depths:1 | Noticed a stone giant
 26115 | D:12     | You fall into a shaft and drop 2 floors!
 26210 | D:12     | You fall into a shaft and drop 3 floors!
 26284 | D:12     | You fall into a shaft and drop 1 floor!
 26310 | D:12     | You fall into a shaft and drop 3 floors!
 26321 | D:14     | You fall into a shaft and drop 1 floor!
 26475 | D:14     | You fall into a shaft and drop 1 floor!
 26577 | D:14     | Reached XP level 15. HP: 96/117 MP: 28/29
 26577 | D:14     | Offered knowledge of Arcjolt by Vehumet.
 26585 | D:14     | You fall into a shaft and drop 1 floor!
 26929 | D:12     | You fall into a shaft and drop 3 floors!
 27108 | D:7      | Bought a book of Flames for 392 gold pieces
 27113 | D:7      | Learned a level 4 spell: Sticky Flame
 27343 | D:9      | Mangled by a death yak

Illustrated notes

Levels and vault maps discovered:
D:1:      dpeg_arrival_short_road, layout_rooms, minmay_misc_feat_doors
D:2:      layout_rooms, minmay_pentomino_o4, uniq_natasha, uniq_jessica,
          uniq_crazy_yiuf_cottage
D:3:      layout_basic, uniq_robin, uniq_sigmund
D:4:      layout_loops_cross, uniq_eustachio
D:5:      layout_basic, cheibrodos_sewer_entry_drain
D:6:      layout_gridville, temple_statues, chequers_arboretum
D:7:      layout_gridville, serial_shops, nicolae_square_shop
D:8:      layout_loops_ring, gammafunk_temple_overflow_wave, serial_undead,
          serial_undead_e, serial_undead_f, serial_undead_c, serial_undead_f,
          kennysheep_crisscross, uniq_pikel
D:9:      layout_stronghold, david_lair_shrubbed, serial_shops,
          nicolae_take_the_stairs, shop, kennysheep_dice
D:10:     layout_basic, hellmonk_okawaru_the_only_friend_you_need,
          chequers_serial_rivers_micro_c, laboratory, uniq_sonja
D:11:     layout_basic, david_orc_4
D:12:     layout_cave_pools, ebering_ghost_funeral_grove, uniq_urug
D:13:     layout_cave_pools, serial_co_window_serial, co_window_paths_a,
          co_window_cross_1, co_window_paths_b, co_window_paths_b,
          co_window_corner_a, co_window_unsneaky_path_e, co_window_corner_b,
          co_window_of_opportunity_b, glass_columns_c, glass_columns_a,
          glass_columns_a, glass_columns_c, glass_columns_a,
          gauntlet_entry_generic
D:14:     layout_roguey, erik_vaults_1, chequers_big_river, serial_curves,
          eino_curves_02, eino_curves_02
D:15:     grunt_enter_depths_magical_seal, layout_gridville,
          trog_three_pillars_becter
Temple:   compressed_dpeg_triangle_lava_temple
Lair:1:   layout_loops_ring, roderic_batcave
Orc:1:    layout_caves
Orc:2:    st_orc_mages, layout_diamond_mine, serial_shops, nicolae_square_shop,
          uniq_azrael
Depths:1: layout_gridville, enter_ziggurat_f, nicolae_figureground_pulse,
          hellmouth_3, st_stairs_8, kennysheep_small_spiral, lightli_minifort,
          serial_bayou_shore_b, firewood_loft

Skill      XL: |  1  2  3  4  5  6  7  8  9 10 11 12 13 14 |
---------------+-------------------------------------------+-----
Dodging        | 2 3 4 5 |  5.9
Fighting       | 4 5 6 7 8 9 10 | 10.4
Spellcasting   | 1 2 3 4 5 7 8 9 10 | 10.7
Stealth        | 7 8 10 | 10.3
Ranged Weapons | 2 3 |  3.0
Fire Magic     | 2 3 4 5 |  5.2
Conjurations   | 1 2 3 5 6 7 8 |  8.9
Armour         | 1 3 4 |  4.0
Shields        | 2 4 5 7 |  7.7
Air Magic      | 2 4 5 6 |  6.0
Ice Magic      | 2 5 6 7 |  7.0
Evocations     | 2 3 |  3.0
Transmutations | 3 |  3.0
Translocations | 3 8 |  8.0
Poison Magic   | 3 |  3.0
Long Blades    | |  2.7

Action                   |  1- 3 |  4- 6 |  7- 9 | 10-12 | 13-15 || total
-------------------------+-------+-------+-------+-------+-------++-------
Melee: Falchion          |     5 |   143 |       |       |       ||   148
       Dagger            |       |    46 |   220 |   129 |    17 ||   412
       Punch             |       |     1 |     5 |       |       ||     6
       Quarterstaff      |       |       |    74 |    37 |       ||   111
       Mace              |       |       |    12 |    17 |       ||    29
       Flail             |       |       |       |    14 |    78 ||    92
 Fire: Sling             |       |    58 |   110 |       |       ||   168
       Shortbow          |       |       |    88 |   236 |   239 ||   563
Throw: Dart              |       |       |       |     1 |     9 ||    10
 Cast: Foxfire           |       |       |     9 |       |     7 ||    16
       Freezing Cloud    |       |       |       |    84 |   205 ||   289
       Kindle Blastspark |       |       |       |     1 |       ||     1
       Ignite Poison     |       |       |       |     1 |     1 ||     2
       Passage of Golubr |       |       |       |       |     7 ||     7
       Sticky Flame      |       |       |       |       |     1 ||     1
 Abil: Shaft Self        |     1 |     1 |     2 |     6 |    12 ||    22
       Dig               |       |     3 |     1 |     6 |     4 ||    14
Evoke: Wand              |       |     7 |     3 |     1 |     2 ||    13
       Tin of tremorston |       |       |       |       |     2 ||     2
  Use: Scroll            |       |     2 |     8 |    14 |     6 ||    30
       Potion            |       |       |     6 |     3 |     2 ||    11
 Stab: Sleeping          |       |     1 |     1 |       |       ||     2
       Confused          |       |       |     1 |       |       ||     1
Armor: Leather armour    |     2 |    47 |    99 |    91 |    67 ||   306
       Skin              |       |       |       |       |     1 ||     1
Dodge: Dodged            |     5 |   147 |   250 |   177 |   112 ||   691
Block: Buckler           |       |       |       |    64 |    44 ||   108

Table legend: (Time is in decaauts)
 A = Elapsed time spent in this place.
 B = Non-inter-level travel time spent in this place.
 C = Inter-level travel time spent in this place.
 D = Time resting spent in this place.
 E = Time spent auto-exploring this place.
 F = Levels seen in this place.
 G = Mean time per level.
                   A        B        C        D        E       F      G
               +--------+--------+--------+--------+--------+-----+--------+
         Total |  27645 |  25256 |   2389 |  10687 |   5657 |  20 | 1382.2 |
       Dungeon |  23472 |  21177 |   2295 |   8579 |   4966 |  15 | 1564.8 |
        Temple |    473 |    466 |      7 |    332 |      0 |   1 |  473.0 |
          Lair |     50 |     50 |      0 |      0 |      0 |   1 |   50.0 |
  Orcish Mines |   3623 |   3536 |     87 |   1775 |    691 |   2 | 1811.5 |
        Depths |     26 |     26 |      0 |      0 |      0 |   1 |   26.0 |
               +--------+--------+--------+--------+--------+-----+--------+

Top non-repeatable levels by time:
   Orc:2: 2679 daAuts
    D:15: 2534 daAuts
     D:9: 2498 daAuts
     D:8: 2446 daAuts
    D:11: 2236 daAuts
    D:10: 1728 daAuts
     D:7: 1667 daAuts
    D:13: 1519 daAuts
     D:2: 1391 daAuts
    D:14: 1364 daAuts
    D:12: 1296 daAuts
     D:3: 1291 daAuts
     D:4: 1136 daAuts
     D:6: 1011 daAuts
   Orc:1: 944 daAuts
